Construct Infanterie Kompanie
Construct Panzergrenadier Kompanie
Pak 40 Anti-tank Gun Team
Pak 40 Anti-tank Gun Team
Selects Luftwaffe Battlegroup
Selects Luftwaffe Pioneer Support
Selects LG40 Recoilless Gun Paradrop
Nebelwerfer 42 Rocket Launcher Team
Selects Infantry Reserves
Panzergrenadier Officer Quarters
Nebelwerfer 42 Rocket Launcher Team
Selects Reconnaissance Run
Fallschirmpioneer Squad Paradrop